 Dungeon Crawl Stone Soup version 0.18-a0-60-g15541d7 (webtiles) character file.

8655 Duffy the Carver (level 11, -6/94 HPs)
             Began as a Naga Artificer on Nov 9, 2015.
             Was an Elder of Cheibriados.
             Mangled by a ten-headed hydra (7 damage)
             ... on level 1 of the Lair of Beasts.
             The game lasted 00:18:23 (13816 turns).

Duffy the Carver (Naga Artificer)                  Turns: 13816, Time: 00:18:23

Health: -6/94      AC: 11    Str: 26    XL:     11   Next: 34%
Magic:  15/15      EV: 11    Int: 25    God:    Cheibriados [****..]
Gold:   433        SH:  0    Dex: 22    Spells: 0 memorised, 10 levels left

rFire  . . .     SeeInvis +     a - +1 great sword (freeze)
rCold  . . .     Clarity  .     I - +0 chain mail
rNeg   + . .     SustAt   .     (shield currently unavailable)
rPois  +         Gourm    .     o - +1 hat
rElec  .         Spirit   .     L - +0 cloak
rCorr  .         Warding  .     E - +1 pair of gloves
rMut   .         Stasis   .     (no barding)
MR     +....                    (no amulet)
Stlth  ..........               y - ring of positive energy
                                G - +2 ring of intelligence

@: very slow, somewhat resistant to hostile enchantments, extremely unstealthy
A: see invisible, deformed body, poison resistance, slowness 2, slow metabolism
1, spit poison 2, AC +3
a: Spit Poison, Bend Time, Temporal Distortion, Slouch, Renounce Religion


You were on level 1 of the Lair of Beasts.
You worshipped Cheibriados.
Cheibriados was greatly pleased with you.
You were hungry.

You visited 3 branches of the dungeon, and saw 12 of its levels.

You collected 602 gold pieces.
You spent 169 gold pieces at shops.


Innate Abilities, Weirdness & Mutations

You cannot wear boots.
Your serpentine skin is tough (AC +3).
You have supernaturally acute eyesight.
Armour fits poorly on your strangely shaped body.
Your system is resistant to poisons.
You cover ground very slowly.
You have a slow metabolism.
You can spit poison.


   Skills:
 - Level 5.0 Fighting
   Level 1.0(8.5) Short Blades
 + Level 12.8(12.9) Long Blades
 + Level 7.5 Dodging
 - Level 1.5 Stealth
 - Level 5.6 Evocations


You had 10 spell levels left.
You didn't know any spells.

Inventory:

Hand Weapons
 a - a +1 great sword of freezing (weapon)
 c - a +1 great sword of holy wrath
Missiles
 g - 292 stones (quivered)
 N - 26 poisoned needles
Armour
 o - a +1 hat (worn)
 v - a +0 leather armour
 E - a +1 pair of gloves (worn)
 F - a +0 helmet
 I - a +0 chain mail (worn)
 L - a +0 cloak (worn)
Rods
 b - a +0 rod of inaccuracy (11/11)
Jewellery
 j - an uncursed ring of magical power
 y - a ring of positive energy (right hand)
 G - a +2 ring of intelligence (left hand)
Wands
 d - a wand of enslavement (15)
 e - a wand of random effects (15)
 D - a wand of enslavement (0)
 J - a wand of slowing (21)
 K - a wand of flame (15)
 O - a wand of heal wounds (0)
 T - a wand of digging (11)
Scrolls
 h - a scroll of enchant weapon {unknown}
 k - a scroll of magic mapping {unknown}
 n - a scroll of blinking
 p - a scroll of recharging {unknown}
 s - a scroll of amnesia
 u - a scroll of immolation {unknown}
 x - a scroll of fear
 A - a scroll of enchant armour
 Q - a scroll of identify
Potions
 i - 5 potions of flight
 m - 2 potions of agility {unknown}
 q - 3 potions of might {unknown}
 t - 4 potions of lignification {unknown}
 w - 8 potions of curing {unknown}
 z - a potion of brilliance {unknown}
 B - a potion of poison {unknown}
 C - a potion of beneficial mutation {unknown}
 H - a potion of resistance {unknown}
 M - a potion of degeneration {unknown}
 R - 3 potions of ambrosia {unknown}
Comestibles
 f - 7 bread rations
 l - 6 fruits
 r - 3 meat rations
 P - 4 royal jellies
 U - a slice of pizza

Dungeon Overview and Level Annotations

Branches:
Dungeon (10/15)            Temple (1/1) D:6            Lair (1/8) D:10
    Orc: D:9-12

Altars:
Ashenzari
Cheibriados
Dithmenos
Elyvilon
Fedhas
Gozag
Kikubaaqudgha
Makhleb
Nemelex Xobeh
Okawaru
Qazlal
Ru
Sif Muna
Trog
Vehumet
Xom
Yredelemnul
Zin
The Shining One

Shops:
D:4 (   D:5 [   D:9 *

Annotations:
D:10 Grum


Message History

The seven-headed hydra closely misses you.
A sheep comes into view.
You are too injured to fight recklessly!
You are too injured to fight recklessly!
You are too injured to fight recklessly!
You hack one of the seven-headed hydra's heads off!
The six-headed hydra grows two more!
You slash the eight-headed hydra! You freeze the eight-headed hydra.
The eight-headed hydra seems to slow down.
The eight-headed hydra is lightly wounded.
You slice one of the eight-headed hydra's heads off!
The seven-headed hydra grows two more!
You slash the nine-headed hydra! You freeze the nine-headed hydra!
The nine-headed hydra seems to slow down.
The nine-headed hydra is moderately wounded.
The nine-headed hydra bites you.
The nine-headed hydra bites you but does no damage.
The nine-headed hydra bites you. The nine-headed hydra misses you.
The nine-headed hydra bites you.
The nine-headed hydra bites you but does no damage.
The nine-headed hydra barely misses you. x2
The nine-headed hydra misses you.
You hack one of the nine-headed hydra's heads off!
The eight-headed hydra grows two more!
You slash the ten-headed hydra! You freeze the ten-headed hydra.
The ten-headed hydra seems to slow down.
The ten-headed hydra is moderately wounded.
You barely miss the ten-headed hydra.
The ten-headed hydra is moderately wounded.
The sheep bellows!
The ten-headed hydra bites you! The ten-headed hydra bites you.
The ten-headed hydra bites you!
The ten-headed hydra bites you but does no damage. x2
The ten-headed hydra bites you!
You die...

#........# #........#
#........## .#
#........P# .#
#......Y.## .#
###..<...Y..# ##.#
#.#.........#####..#
........}..........#
..##.#####..Y.YD@..#
.# ..#### #.....Y...#
.# ..#
#.........####### .#
..#
#.........##.##.###.#
..#
#..........†........#
..#
#...................#
...
....................#
####
..#####.###.#####...#
# #. #.P ### ##...#


You could see a ten-headed hydra and 4 sheep.

Action                   |  1- 3 |  4- 6 |  7- 9 | 10-12 || total
-------------------------+-------+-------+-------+-------++-------
Melee: Short sword       |    85 |       |       |       ||    85
       Rapier            |     2 |   163 |       |       ||   165
       Great sword       |       |       |   282 |   281 ||   563
 Abil: Spit Poison       |    37 |    36 |    19 |       ||    92
Evoke: Rod               |     4 |    21 |    22 |     3 ||    50
       Wand              |       |       |       |     1 ||     1
  Use: Scroll            |       |       |     7 |     6 ||    13
       Potion            |       |       |       |     2 ||     2
 Stab: Sleeping          |       |     1 |       |       ||     1
       Distracted        |       |     1 |       |       ||     1
       Invisible         |       |       |     1 |       ||     1
  Eat: Chunk             |     3 |     8 |    14 |    16 ||    41
       Beef jerky        |     1 |       |       |     1 ||     2
       Bread ration      |       |     1 |       |       ||     1
       Royal jelly       |       |     1 |       |       ||     1
       Meat ration       |       |       |       |     2 ||     2

Notes
Turn   | Place    | Note
--------------------------------------------------------------
     0 | D:1      | Duffy the Naga Artificer began the quest for the Orb.
     0 | D:1      | Reached XP level 1. HP: 18/18 MP: 3/3
   322 | D:1      | Reached skill level 2 in Fighting
   322 | D:1      | Reached XP level 2. HP: 8/26 MP: 4/4
  1379 | D:2      | Reached XP level 3. HP: 22/33 MP: 5/5
  1487 | D:2      | Reached skill level 3 in Fighting
  2515 | D:2      | Reached XP level 4. HP: 40/44 MP: 6/6
  2795 | D:3      | Reached skill level 4 in Fighting
  3565 | D:3      | Reached XP level 5. HP: 51/51 MP: 7/7
  3762 | D:3      | Reached skill level 5 in Fighting
  4386 | D:4      | Noticed Robin
  4389 | D:5      | Entered Level 5 of the Dungeon
  4603 | D:5      | Killed Robin
  4724 | D:4      | Found Hoyn's Antique Weapon Shoppe.
  4772 | D:4      | Reached skill level 4 in Evocations
  4772 | D:4      | Reached XP level 6. HP: 58/61 MP: 9/9
  5284 | D:4      | Reached skill level 5 in Evocations
  5503 | D:5      | Found Gurory's Antique Armour Shoppe.
  5507 | D:5      | Noticed Dowan
  5508 | D:5      | Noticed Duvessa
  5631 | D:5      | Killed Dowan
  5708 | D:4      | Reached XP level 7. HP: 57/67 MP: 11/11
  5780 | D:4      | Bought a glowing great sword for 169 gold pieces
  5825 | D:5      | Reached skill level 1 in Long Blades
  6032 | D:5      | Reached skill level 2 in Long Blades
  6343 | D:4      | Reached skill level 3 in Long Blades
  6564 | D:5      | Reached skill level 4 in Long Blades
  7107 | D:5      | Reached skill level 5 in Long Blades
  7107 | D:5      | Reached XP level 8. HP: 68/74 MP: 12/12
  7148 | D:5      | Found a sparkling altar of Nemelex Xobeh.
  7149 | D:5      | Noticed Sigmund
  7162 | D:5      | Killed Sigmund
  7551 | D:5      | Killed Duvessa
  7551 | D:5      | Reached skill level 6 in Long Blades
  7974 | D:6      | Reached skill level 7 in Long Blades
  8531 | D:6      | Reached skill level 8 in Long Blades
  8750 | D:6      | Reached XP level 9. HP: 81/81 MP: 13/13
  8936 | D:6      | Found a staircase to the Ecumenical Temple.
  8942 | D:6      | Reached skill level 9 in Long Blades
  8951 | Temple   | Entered the Ecumenical Temple
  9043 | Temple   | Became a worshipper of Cheibriados the Contemplative
  9422 | D:7      | Found a sacrificial altar of Ru.
  9559 | D:7      | Reached * piety under Cheibriados
  9925 | D:7      | Reached skill level 10 in Long Blades
 10001 | D:7      | Noticed a hill giant
 10005 | D:7      | Killed a hill giant
 10005 | D:7      | Reached skill level 2 in Dodging
 10017 | D:7      | Reached skill level 3 in Dodging
 10215 | D:8      | Reached ** piety under Cheibriados
 10278 | D:8      | Noticed Psyche
 10292 | D:8      | Killed Psyche
 10292 | D:8      | Reached XP level 10. HP: 28/88 MP: 14/14
 10632 | D:8      | Reached skill level 11 in Long Blades
 10632 | D:8      | Reached skill level 4 in Dodging
 10816 | D:8      | Noticed Pikel
 10846 | D:8      | Killed Pikel
 11051 | D:8      | Reached skill level 5 in Dodging
 11390 | D:8      | Reached *** piety under Cheibriados
 12272 | D:9      | Reached **** piety under Cheibriados
 12330 | D:9      | Reached skill level 6 in Dodging
 12333 | D:9      | Reached skill level 12 in Long Blades
 12430 | D:9      | Found an opulent altar of Gozag.
 12445 | D:9      | Found Gozag's Platinum Reserve.
 12773 | D:10     | Entered Level 10 of the Dungeon
 12791 | D:10     | Found a staircase to the Lair.
 12798 | D:10     | Noticed Grum
 13133 | Lair:1   | Entered Level 1 of the Lair of Beasts
 13217 | Lair:1   | Reached XP level 11. HP: 57/94 MP: 15/15
 13408 | Lair:1   | Noticed Gastronok
 13423 | Lair:1   | Killed Gastronok
 13423 | Lair:1   | Reached skill level 7 in Dodging
 13808 | Lair:1   | Noticed a seven-headed hydra
 13816 | Lair:1   | Mangled by a ten-headed hydra

Vault maps used:
D:1:      dpeg_arrival_concentric_ovals, st_stairs_10
D:2:      first_bread, minivault_5, minmay_misc_feat_x
D:3:      st_stairs_5
D:4:      serial_shops, nicolae_shop_statue_plus, portal_sewer_entry_e,
          uniq_robin
D:5:      serial_shops, shop_statue, nemelex_spade_bored_becter, uniq_sigmund,
          uniq_duvessa
D:6:      minmay_temple_entry_hall, minmay_stone_trees_small
D:7:      nicolae_ru_great_annihilating_truth
D:8:      uniq_psyche, uniq_pikel
D:9:      nicolae_gozag_zags_fifth_avenue, hangedman_tell_no_tales
D:10:     lair_0_dummy, dk_rats_in_the_wall, uniq_grum
Temple:   grunt_circular_temple_18
Lair:1:   grunt_megastairs_2, serial_bayou_shore_a, uniq_gastronok

Vanquished Creatures
  Gastronok Pikel
  A hill giant Psyche
  2 spiny frogs Sigmund
  2 hungry ghosts
  2 sky beasts
  2 water moccasins
  2 wolves
  A slave Duvessa
  4 ice beasts
  2 orc warriors
  2 phantoms
  2 ogres
  4 centaurs
  A crocodile
  5 giant frogs
  A wyvern zombie Dowan
  2 scorpions
  5 spriggan skeletons
  7 wights
  A centaur zombie
  6 hounds
  4 orc priests
  5 crimson imps
  A giant frog skeleton
  A giant frog zombie
  9 iguanas
  2 centaur skeletons
  13 orc wizards
  A killer bee zombie
  12 worker ants Robin
  6 gnolls
  13 adders
  A river rat
  2 shadow imps
  2 oozes
  2 adder skeletons
  4 worms
  7 giant geckos
  34 orcs
  A ball python
  10 bats
  7 giant cockroaches
  16 goblins
  8 hobgoblins
  12 jackals
  A quokka
  2 giant gecko skeletons
  A giant gecko zombie
  4 giant newts
  10 kobolds
  9 rats
  A plant
262 creatures vanquished.
